 Dungeon Crawl Stone Soup version 0.30.0-29-ga12c61a403 (webtiles) character file.

Game seed: 15647470963868148521

25272 cdecastro the Grappler (level 12, -8/126 HPs)
             Began as a Troll Fighter on June 12, 2023.
             Was an Elder of Okawaru.
             Mangled by a red ugly thing (9 damage)
             ... on level 13 of the Dungeon.
             The game lasted 00:29:19 (10446 turns).

cdecastro the Grappler (Troll Fighter)             Turns: 10446, Time: 00:29:19

Health: -8/126     AC:  8    Str: 31    XL:     12   Next: 88%
Magic:  16/18      EV: 17    Int:  8    God:    Okawaru [****..]
Gold:   1122       SH: 13    Dex:  9    Spells: 11/11 levels left

rFire   + .          .
                       - Unarmed
rCold   . . .        J - +0 tower shield
rNeg    . . .        X - +2 troll leather armour {Snorg}
rPois   +            (helmet restricted)
rElec   .            S - scarf of the Black Moon {repulsion, rF++ rCorr Str-4 Stlth+}
rCorr   +            (gloves unavailable)
SInv    +            (boots unavailable)
Will    .....        n - amulet "Dorom" {Faith Fly Str+2 Int+2}
Stlth   +++          v - ring of poison resistance
HPRegen 2.01/turn    y - ring "Peb Pok" {rF- EV+5 Str+4 SInv}
MPRegen 0.16/turn

%: repel missiles, faith
@: heroic, flying
A: large, unfitting armour, claws 3, regeneration 1, shaggy fur 1, tough skin 1
a: Renounce Religion, Heroism, Finesse


You were on level 13 of the Dungeon.
You worshipped Okawaru.
Okawaru was greatly pleased with you.
You visited 2 branches of the dungeon, and saw 14 of its levels.

You collected 1122 gold pieces.

Inventory:

Missiles
 C - 7 javelins (quivered)
 M - 3 silver boomerangs
 N - 7 boomerangs
 R - a curare-tipped dart
 Y - 2 atropa-tipped darts
 Z - 14 large rocks
Armour
 J - a +0 tower shield (worn)
 S - the scarf of the Black Moon (worn) {repulsion, rF++ rCorr Str-4 Stlth+}
   (Okawaru gifted it to you on level 12 of the Dungeon)

   Str:       It affects your strength (-4).
   rF:        It greatly protects you from fire.
   rCorr:     It protects you from acid and corrosion.
   Stlth:     It makes you more stealthy.
 X - a +2 troll leather armour (worn) {Snorg}
Jewellery
 b - the amulet "Ciofoshi" {rF+ Regen+}
   (You found it on level 12 of the Dungeon)

   [amulet of regeneration]

   rF:        It protects you from fire.
   Regen:     It increases your rate of health regeneration.
 n - the amulet "Dorom" (around neck) {Faith Fly Str+2 Int+2}
   (You took it off a vampire on level 12 of the Dungeon)

   [amulet of faith]

   It allows you to gain divine favour quickly.
   Str:       It affects your strength (+2).
   Int:       It affects your intelligence (+2).
   Fly:       It grants you flight.
 r - a ring of resist corrosion
 t - a ring of wizardry
 v - a ring of poison resistance (left claw)
 y - the ring "Peb Pok" (right claw) {rF- EV+5 Str+4 SInv}
   (You found it on level 3 of the Dungeon)

   [ring of evasion]

   EV:        It affects your evasion (+5).
   Str:       It affects your strength (+4).
   rF:        It makes you vulnerable to fire.
   SInv:      It lets you see invisible.
 B - a ring of willpower
 D - a ring of ice
 W - a ring of positive energy
Wands
 K - a wand of flame (5)
 L - a wand of iceblast (6)
 Q - a wand of mindburst (14)
 T - a wand of paralysis (13)
 V - a wand of quicksilver (11)
Scrolls
 d - a scroll of immolation {unknown}
 f - 4 scrolls of enchant armour {unknown}
 g - 2 scrolls of vulnerability {unknown}
 i - a scroll of blinking {unknown}
 k - 5 scrolls of poison {unknown}
 l - 2 scrolls of amnesia {unknown}
 p - 2 scrolls of butterflies {unknown}
 s - 2 scrolls of enchant weapon {unknown}
 u - a scroll of silence {unknown}
 w - a scroll of fog {unknown}
 z - 8 scrolls of teleportation {unknown}
 A - 2 scrolls of fear {unknown}
 F - a scroll of noise {unknown}
 U - 2 scrolls of magic mapping {unknown}
Potions
 a - a potion of resistance
 c - 2 potions of might
 e - 4 potions of lignification
 h - 3 potions of ambrosia
 j - 5 potions of magic
 m - 4 potions of curing
 o - 3 potions of flight
 q - 3 potions of haste
 x - 2 potions of heal wounds
 E - a potion of cancellation
 G - a potion of mutation
 H - a potion of experience {unknown}
 I - 2 potions of brilliance
 O - a potion of attraction {unknown}
Miscellaneous
 P - a lightning rod (4/4)


   Skills:
 - Level 10.0(15.0) Fighting
 - Level 5.0(10.0) Throwing
 - Level 0.3(5.3) Armour
 - Level 10.0(15.0) Dodging
 - Level 2.6(7.6) Shields
 - Level 10.0(15.0) Unarmed Combat
 + Level 9.5 Invocations


You had 11 spell levels left.
You didn't know any spells.
Your spell library contained the following spells:

 Spells                   Type           Power      Damage    Failure   Level
 Apportation              Tloc           0%         N/A       83%         1
 Kiss of Death            Conj/Necr      0%         2d5       83%         1
 Sublimation of Blood     Necr           0%         N/A       93%         2
 Confusing Touch          Hex            0%         N/A       99%         3
 Dispel Undead            Necr           0%         3d6       100%        4
 Petrify                  Tmut/Erth      0%         N/A       100%        4
 Alistair's Intoxication  Tmut/Pois      0%         N/A       100%        5
 Irradiate                Conj/Tmut      0%         3d11      100%        5


Dungeon Overview and Level Annotations

Branches:
Dungeon (13/15)            Temple (1/1) D:6            Lair (0/5) D:10
    Orc (0/2) D:11
 Vaults: D:13-14

Altars:
Ashenzari
Cheibriados
Dithmenos
Elyvilon
Fedhas
Gozag
Hepliaklqana
Kikubaaqudgha
Makhleb
Nemelex Xobeh
Okawaru
Qazlal
Ru
Sif Muna
Trog
Uskayaw
Vehumet
Wu Jian
Xom
Yredelemnul
Zin
The Shining One

Portals:
Trove: D:10 (give +6 demon trident)

Annotations:
D:7 3 runed translucent doors, Woods's ghost, novice FeTm
D:10 vault need fly, wizard


Innate Abilities, Weirdness & Mutations

You are too large for most types of armour.
You have claws for hands.
Your natural rate of healing is unusually fast.
You are covered in fur. (AC +1)
You have tough skin. (AC +1)


Message History

The meliai mumbles some strange prayers to its god against you.
Something smites you!
You closely miss the meliai.
The meliai is heavily wounded.
You block the meliai's attack.
The meliai stings you but does no damage.
You block the meliai's attack. The meliai barely misses you.
The meliai calls down the wrath of its god upon you.
Something smites you!
You mangle the meliai!!
You kill the meliai!
Okawaru accepts your kill. You block the meliai's attack.
The meliai closely misses you. The meliai hits you with a +0 war axe!
* * * LOW HITPOINT WARNING * * *
The meliai closely misses you.
The meliai hits you with a +2 war axe of venom.
* * * LOW HITPOINT WARNING * * *
The meliai stings you!
* * * LOW HITPOINT WARNING * * *
The meliai invokes the aid of its god against you.
Something smites you!
* * * LOW HITPOINT WARNING * * *
You eviscerate the meliai!!!
You kill the meliai!
Okawaru accepts your kill.
You can now speed up your combat.
You block the meliai's attack. x2
The meliai calls down the wrath of its god upon you.
Something smites you!
* * * LOW HITPOINT WARNING * * *
The red ugly thing barely misses you.
You miss the meliai.
The meliai hits you with a +2 war axe of venom!
* * * LOW HITPOINT WARNING * * *
You block the meliai's attack.
The meliai calls down the wrath of its god upon you.
Something smites you!
* * * LOW HITPOINT WARNING * * *
The red ugly thing stings you!
You die...

#..........#
#++###########.# ...$
#...... #.# ..... #.....
#.# #...u..#.... #.#
#......#... #.#
#......+.. #.###
#......#y############....
#......)@)...............
#......u.#########.......
#........#.......#.......
#........#.......#.......
####.....#.......'.......
#.....#.......#.......
#.....#.......#.......
#....>#.......#.......
####.....#....####.......


You could see a red ugly thing and a meliai.

Vanquished Creatures
  Snorg (D:11)
  An ice dragon (D:12)
  A boulder beetle (D:11)
  4 two-headed ogres
  A tengu warrior (D:12)
  A skeletal warrior (D:12)
  Pikel (D:7)
  3 ugly things
  3 deep elf pyromancers
  2 cyclopes
  A manticore (D:12)
  3 centaur zombies (D:11)
  An unseen horror (D:11)
  A kobold demonologist (D:12)
  2 komodo dragons (D:12)
  An efreet (D:12)
  A freezing wraith (D:12)
  2 meliai (D:13)
  3 trolls
  A hornet (D:11)
  Prince Ribbit (D:6)
  Grinder (D:5)
  8 slime creatures (D:12)
  2 shadows (D:11)
  4 wraiths
  2 wyverns (D:9)
  13 yaks
  5 vampires
  11 vampire mosquitoes
  2 steam dragons (D:8)
  3 water moccasins
  An ice beast (D:6)
  3 orc warriors
  3 sky beasts
  A black bear (shapeshifter) (D:12)
  2 black bears
  6 ogres
  2 centaurs (D:11)
  2 kobold brigands
  5 bullfrogs
  A gnoll sergeant (D:5)
  A scorpion (D:4)
  7 wights
  16 killer bees
  8 howler monkeys
  4 orc priests
  10 hounds
  2 jellies
  A gnoll bouda (D:4)
  A sleepcap (D:8)
  2 iguanas
  8 orc wizards
  16 gnolls
  7 adders
  3 shadow imps
  2 white imps
  3 ufetubi
  A worm (D:4)
  5 dart slugs
  45 orcs
  6 endoplasms
  10 giant cockroaches
  5 goblins
  8 hobgoblins
  14 kobolds
  3 quokkas
  8 ball pythons
  10 bats
  2 frilled lizards (D:3)
  6 rats
326 creatures vanquished.

Notes
Turn   | Place    | Note
-------+----------+-------------------------------------------
     0 | D:1      | cdecastro the Troll Fighter began the quest for the Orb.
     0 | D:1      | Reached XP level 1. HP: 22/22 MP: 0/0
   116 | D:1      | Reached XP level 2. HP: 29/29 MP: 1/1
   432 | D:1      | Reached XP level 3. HP: 36/36 MP: 2/2
  1156 | D:2      | Reached XP level 4. HP: 44/44 MP: 3/3
  1692 | D:3      | Reached skill level 5 in Unarmed Combat
  1716 | D:3      | Noticed a kobold brigand
  1727 | D:3      | Killed a kobold brigand
  1728 | D:3      | Reached XP level 5. HP: 46/50 MP: 4/4
  1929 | D:3      | Identified the ring "Peb Pok" {rF- EV+5 Str+4 SInv}
  1937 | D:3      | Identified the +0 ring mail of Parts Unknown {rPois rCorr
                  | SInv}
  2403 | D:4      | Noticed an ogre
  2408 | D:4      | Killed an ogre
  2409 | D:4      | Reached XP level 6. HP: 38/59 MP: 5/5
  2521 | D:4      | You fall into a shaft and drop 3 floors!
  2620 | D:6      | Noticed an ice beast
  2690 | D:7      | Reached XP level 7. HP: 66/66 MP: 6/6
  2701 | D:6      | Noticed Grinder
  2910 | D:7      | Noticed Pikel
  2934 | D:7      | Killed Pikel
  2935 | D:7      | Reached skill level 10 in Unarmed Combat
  2935 | D:7      | Reached XP level 8. HP: 75/78 MP: 7/7
  3163 | D:7      | Reached skill level 5 in Fighting
  3236 | D:7      | Found a runed translucent gate.
  3236 | D:7      | Found a runed translucent gate.
  3236 | D:7      | Found a runed translucent gate.
  3238 | D:7      | Found an opulent altar of Gozag.
  3238 | D:7      | Noticed Woods's ghost (novice FeTm)
  3349 | D:6      | Noticed Prince Ribbit
  3371 | D:6      | Killed Prince Ribbit
  3372 | D:6      | Reached XP level 9. HP: 77/89 MP: 8/8
  3458 | D:5      | Entered Level 5 of the Dungeon
  3977 | D:4      | Found a burning altar of Makhleb.
  3977 | D:4      | Noticed a blizzard demon
  4621 | D:5      | Reached XP level 10. HP: 107/107 MP: 9/9
  4749 | D:5      | Killed Grinder
  5023 | D:6      | Found a staircase to the Ecumenical Temple.
  5068 | Temple   | Entered the Ecumenical Temple
  5295 | Temple   | Became a worshipper of Warmaster Okawaru
  5788 | D:8      | Reached skill level 10 in Fighting
  5849 | D:8      | Reached skill level 1 in Invocations
  6114 | D:8      | Reached * piety under Okawaru
  6562 | D:9      | Reached skill level 1 in Throwing
  7104 | D:10     | Entered Level 10 of the Dungeon
  7104 | D:10     | Found a portal to a secret trove of treasure.
  7115 | D:10     | Reached ** piety under Okawaru
  7162 | D:10     | Found a staircase to the Lair.
  7180 | D:9      | Reached skill level 5 in Throwing
  7409 | D:10     | Noticed a two-headed ogre
  7428 | D:10     | Killed a two-headed ogre
  7428 | D:10     | Reached *** piety under Okawaru
  7429 | D:10     | Noticed a wizard
  7452 | D:9      | Received a gift from Okawaru
  7453 | D:9      | Reached XP level 11. HP: 117/117 MP: 12/12
  7600 | D:11     | Reached skill level 5 in Dodging
  7633 | D:11     | Noticed Snorg
  7638 | D:11     | Killed Snorg
  7727 | D:11     | Noticed a boulder beetle
  7734 | D:11     | Killed a boulder beetle
  7734 | D:11     | Reached **** piety under Okawaru
  7850 | D:11     | Found a staircase to the Orcish Mines.
  7914 | D:11     | Noticed a green ugly thing
  7924 | D:11     | Received a gift from Okawaru
  7928 | D:11     | Killed a green ugly thing
  7993 | D:11     | Received a gift from Okawaru
  8137 | D:11     | Reached ***** piety under Okawaru
  8586 | D:12     | Noticed a two-headed ogre
  8596 | D:12     | Killed a two-headed ogre
  8774 | D:12     | Identified the scarf of the Black Moon {repulsion, rF++
                  | rCorr Str-4 Stlth+} (Okawaru gifted it to you on level 12
                  | of the Dungeon)
  8774 | D:12     | Received a gift from Okawaru
  8778 | D:12     | Reached XP level 12. HP: 126/126 MP: 13/13
  8827 | D:12     | Reached skill level 10 in Dodging
  9162 | D:12     | Reached skill level 5 in Invocations
  9468 | D:12     | Noticed a two-headed ogre
  9473 | D:12     | Killed a two-headed ogre
  9491 | D:12     | Noticed an ice dragon
  9515 | D:12     | Identified the amulet "Ciofoshi" {rF+ Regen+}
  9515 | D:12     | Identified the staff of death "Ziopn" {rC+ rN+ Str+3 SInv}
  9553 | D:12     | Identified the +0 spear of Thieving Death {heavy, Int+3}
  9565 | D:12     | Noticed a tengu warrior
  9590 | D:12     | Killed a tengu warrior
  9593 | D:12     | Identified the amulet "Dorom" {Faith Fly Str+2 Int+2}
  9666 | D:12     | Killed an ice dragon
 10104 | D:13     | Noticed a six-headed hydra
 10191 | D:13     | Noticed a two-headed ogre
 10193 | D:13     | Noticed a seven-headed hydra
 10255 | D:12     | Killed a two-headed ogre
 10384 | D:13     | Noticed an eight-headed hydra
 10446 | D:13     | HP: 1/126 [meliai/divine providence (10)]
 10446 | D:13     | Mangled by a red ugly thing

Illustrated notes

Levels and vault maps discovered:
D:1:      elethiomel_arrival_infinity_welcomes_careful_drivers,
          layout_loops_ring, minmay_worlds_worst_comb
D:2:      layout_basic, serial_curves, eino_curves_02, eino_curves_01,
          serial_bayou_pond_e
D:3:      cheibrodos_thug_alley, layout_loops_ring, minmay_joined_circles
D:4:      layout_loops_ring, makhleb_altar_promises_db
D:5:      layout_rooms
D:6:      layout_cave_pools, minmay_temple_entry_statues_pillars,
          uniq_prince_ribbit1, uniq_grinder
D:7:      layout_cave_pods, ebering_ghost_gozag, serial_park_tiny_2, uniq_pikel
D:8:      layout_basic
D:9:      nicolae_cairo_tiling, layout_long_grid
D:10:     layout_grid_maze, due_lair_maze_entry_diamond,
          nicolae_trove_entry_isolated, grunt_decor_mini_mirrors,
          hangedman_abyss_or_decor_lesser_grid, nicolae_hexahallways,
          moated_statue
D:11:     layout_small_grid, hiddenorc2_lemuel, serial_undead, serial_undead_d,
          serial_undead_e, serial_undead_b, serial_undead_c, uniq_snorg
D:12:     minmay_the_grid_3x2 [minmay_the_grid_mess, minmay_the_grid_doors,
          minmay_the_grid_dragon_b, minmay_the_grid_spikes,
          minmay_the_grid_broken_lines,
          minmay_the_grid_prize_four_corners_diamond_a], layout_loops_ring
D:13:     layout_irregular_city, portal_ice_cave_demonic_guard
Temple:   mainiacjoe_temple_archimedes_tessellation

Skill      XL: |  1  2  3  4  5  6  7  8  9 10 11 12 |
---------------+-------------------------------------+-----
Unarmed Combat | 3 4 5 6 7 10 | 10.0
Fighting       | 3 6 9 10 | 10.0
Invocations    | 3 9 |  9.5
Throwing       | 5 |  5.0
Dodging        | 4 9 10 | 10.0
Armour         | |  0.3
Shields        | |  2.6

Action                     |  1- 3 |  4- 6 |  7- 9 | 10-12 || total
---------------------------+-------+-------+-------+-------++-------
  Melee: Unarmed           |   112 |   115 |   274 |   625 ||  1126
  Throw: Dart              |       |       |     3 |     9 ||    12
 Invoke: Heroism           |       |       |       |     8 ||     8
         Finesse           |       |       |       |     2 ||     2
    Use: Potion            |       |     1 |       |     1 ||     2
         Scroll            |       |       |       |    10 ||    10
   Stab: Sleeping          |     1 |       |       |     1 ||     2
 Armour: Robe              |    41 |    20 |    20 |     2 ||    83
         Acid dragon scale |       |       |       |    33 ||    33
         Troll leather arm |       |       |       |    90 ||    90
  Dodge: Dodged            |    42 |    21 |    87 |   367 ||   517
         Repelled          |       |       |       |     2 ||     2
  Block: Kite shield       |    57 |    51 |   140 |   220 ||   468
         Reflection        |       |     1 |     4 |       ||     5
         Tower shield      |       |       |       |    58 ||    58
